 Dungeon Crawl Stone Soup version 0.20-a0-465-g6513c8f (webtiles) character file.

22 Dfrag the Conjurer (level 2, 0/22 HPs)
             Began as a Naga Conjurer on Jan 12, 2017.
             Slain by a kobold
             ... wielding a +0 short sword
              (4 damage)
             ... on level 1 of the Dungeon.
             The game lasted 00:00:58 (388 turns).

Dfrag the Conjurer (Naga Conjurer)                   Turns: 388, Time: 00:00:59

Health: 0/22       AC:  1    Str: 10    XL:     2   Next: 91%
Magic:  1/5        EV: 10    Int: 15    God:
Gold:   8          SH:  0    Dex: 11    Spells: 3/6 levels left

rFire  . . .     SeeInvis +     (no weapon)
rCold  . . .     Gourm    .     a - +0 robe
rNeg   . . .     Faith    .     (no shield)
rPois  +         Spirit   .     (no helmet)
rElec  .         Reflect  .     (no cloak)
rCorr  .         Harm     .     (no gloves)
MR     .....                    (no barding)
Stlth  ++........               (no amulet)
                                (no ring)
                                (no ring)

@: short of breath, very slow
A: see invisible, deformed body, poison resistance, slowness 2, slow metabolism
1, spit poison 1, AC +0
a: Spit Poison


You were on level 1 of the Dungeon.
You were not hungry.

You visited 1 branch of the dungeon, and saw 1 of its levels.

You collected 8 gold pieces.

Inventory:

Armour
 a - a +0 robe (worn)
Scrolls
 j - a scroll of identify {unknown}
 l - a scroll of enchant weapon {unknown}
Potions
 e - 2 potions of invisibility {unknown}
 f - a potion of lignification {unknown}
 g - a potion of heal wounds {unknown}
 k - a potion of cure mutation {unknown}
Books
 b - a book of Conjurations

   Spells                             Type                      Level
   a - Magic Dart                     Conjuration                  1
   b - Searing Ray                    Conjuration                  2
   c - Dazzling Spray                 Conjuration/Hexes            3
   d - Fulminant Prism                Conjuration/Hexes            4
   e - Iskenderun's Mystic Blast      Conjuration                  4
   f - Iskenderun's Battlesphere      Conjuration/Charms           5
Comestibles
 c - a bread ration
 d - a slice of pizza
 h - a meat ration


   Skills:
 - Level 1.5 Dodging
 - Level 3.0 Stealth
 * Level 2.7 Spellcasting
 + Level 4.3 Conjurations


You had 3 spell levels left.
You knew the following spells:

 Your Spells              Type           Power        Failure   Level  Hunger
a - Magic Dart            Conj           ###.         3%          1    #......
b - Searing Ray           Conj           ###...       6%          2    ##.....


Dungeon Overview and Level Annotations

Branches:
Dungeon (1/15)

Altars:


Innate Abilities, Weirdness & Mutations

You cannot wear boots.
Your serpentine skin is tough. (AC +0)
You have supernaturally acute eyesight. (SInv)
Armour fits poorly on your strangely shaped body.
Your system is resistant to poisons. (rPois)
You cover ground very slowly.
You have a slow metabolism.
You can spit poison.


Message History

You see here a stone.
Okay, then.
Casting: Magic Dart
Confirm with . or Enter, or press ? or * to list all spells.
Aiming: Magic Dart
Press: ? - help, Shift-Dir - straight line, f - kobold
Aim: a kobold, wielding a short sword The magic dart hits the kobold.
The kobold is moderately wounded.
Casting: Magic Dart
Confirm with . or Enter, or press ? or * to list all spells.
You don't have enough magic to cast that spell.
Unknown command.
All of the chunks of flesh in your inventory have rotted away.
You have got your breath back.
Press: ? - help, Shift-Dir - straight line, f/p - kobold
Aim: a kobold, wielding a short sword (moderately wounded)
The splash of poison misses the kobold.
You feel slightly more hungry. The kobold hits you with a short sword.
You die...

.........# ...
###..#..## #.#
#..#..# #.#
####..#..########
...
.................
#.#
###.##.#########
#.# #.##.#
####.#########.##.#
#.......(K@.......#
##############.####
#.# ###


You could see a kobold.

Vanquished Creatures
  An ooze (D:1)
  A leopard gecko (D:1)
  A giant cockroach (D:1)
  A hobgoblin (D:1)
  5 jackals (D:1)
  3 bats (D:1)
  2 frilled lizards (D:1)
  2 rats (D:1)
16 creatures vanquished.

Notes
Turn   | Place    | Note
-------+----------+-------------------------------------------
     0 | D:1      | Dfrag the Naga Conjurer began the quest for the Orb.
     0 | D:1      | Reached XP level 1. HP: 15/15 MP: 3/3
   118 | D:1      | Reached XP level 2. HP: 14/22 MP: 0/5
   122 | D:1      | Learned a level 2 spell: Searing Ray
   388 | D:1      | Slain by a kobold

Vault maps used:
D:1:      denvon_arrival_waterhouse

Action                   || total
-------------------------++-------
Melee: Unarmed           ||     9
 Cast: Magic Dart        ||    13
       Searing Ray       ||     2
 Abil: Spit Poison       ||    13
Armor: Robe              ||     7
Dodge: Dodged            ||    11
